 Dungeon Crawl Stone Soup version 0.31-a0-846-gb3bcc0d (webtiles) character file.

Game seed: 17923658155088915379

88 BarneyGumball the Chiller (level 4, 30/30 HPs)
             Began as a Demonspawn Ice Elementalist on Oct 3, 2023.
             Quit the game on level 4 of the Dungeon.
             The game lasted 00:07:25 (3027 turns).

BarneyGumball the Chiller (DsIE)                    Turns: 3027, Time: 00:07:26

Health: 30/30      AC:  2    Str:  9    XL:     4   Next: 30%
Magic:  7/7        EV: 12    Int: 18    God:
Gold:   69         SH:  0    Dex: 13    Spells: 0/7 levels left

rFire   . . .        e - +0 dagger
rCold   . . .        (no shield)
rNeg    . . .        a - +0 robe
rPois   .            (no helmet)
rElec   .            (no cloak)
rCorr   .            (no gloves)
SInv    .            (no boots)
Will    .....        (no amulet)
Stlth   ++           (no ring)
HPRegen 0.25/turn    (no ring)
MPRegen 0.10/turn

%: no passive effects
@: no status effects
A: foul stench 1, powered by pain 1, demonic touch 1
a: no special abilities


You were on level 4 of the Dungeon.
You visited 1 branch of the dungeon, and saw 4 of its levels.

You collected 69 gold pieces.

Inventory:

Hand Weapons
 e - a +0 dagger (weapon)
Armour
 a - a +0 robe (worn)
 v - a +0 ring mail of poison resistance
Jewellery
 i - a ring of ice
 s - an amulet of faith
Scrolls
 f - 8 scrolls of identify {unknown}
 k - a scroll of fear {unknown}
 l - 2 scrolls of noise {unknown}
 m - 2 scrolls of summoning {unknown}
 q - a scroll of revelation {unknown}
 r - a scroll of poison {unknown}
 u - a scroll of amnesia {unknown}
Potions
 b - a potion of magic
 c - 2 potions of brilliance {unknown}
 d - 2 potions of enlightenment {unknown}
 g - a potion of attraction {unknown}
 h - a potion of resistance {unknown}
 j - 2 potions of lignification {unknown}
 n - a potion of berserk rage {unknown}
 o - 5 potions of curing {unknown}
 p - 2 potions of heal wounds {unknown}
 t - a potion of ambrosia {unknown}


   Skills:
 - Level 1.7 Dodging
 - Level 2.0 Stealth
 - Level 2.0 Spellcasting
 + Level 5.2 Ice Magic


You couldn't memorise any spells.
You knew the following spells:

 Your Spells              Type           Power      Damage    Failure   Level
a - Freeze                Ice            80%        1d9       1%          1
b - Frozen Ramparts       Ice            40%        1d7       6%          3
c - Ozocubu's Armour      Ice            20%        N/A       6%          3

Your spell library contained the following spells:

 Spells                   Type           Power      Damage    Failure   Level
 Slow                     Hex            4%         N/A       19%         1
 Confusing Touch          Hex            1%         N/A       47%         3
 Sigil of Binding         Hex            1%         N/A       47%         3
 Vampiric Draining        Necr           1%         2d6       47%         3
 Summon Ice Beast         Ice/Summ       11%        N/A       52%         4


Dungeon Overview and Level Annotations

Branches:
Dungeon (4/15)
 Temple: D:4-7

Altars:
Dithmenos
Trog


Innate Abilities, Weirdness & Mutations

You may rarely emit foul miasma when damaged in melee.
You sometimes gain a little power by taking damage.
Your touch may inflict minor irresistible damage on your foes.


Message History

HP restored.
Things that are here:
a +0 hand axe; a +0 animal skin; an orc corpse You open the door.
A quokka comes into view.
There is an open door here.
You hit the quokka.
The quokka is severely wounded.
The quokka bites you. The quokka closely misses you.
You closely miss the quokka.
You touch the quokka.
You kill the quokka! 2 quokkas come into view.
You see here a quokka corpse.
The helpless quokka fails to defend itself.
You puncture the quokka!
You kill the quokka!
The helpless quokka fails to defend itself.
You hit the quokka.
You kill the quokka!
You see here a quokka corpse.
There is an open door here.
Things that are here:
a +0 hand axe; a +0 animal skin; an orc corpse A ball python comes into view.
Found a scroll labelled COHIXE FOIBIEXKOU.
The ball python hisses angrily.
You hit the ball python.
You kill the ball python!
No target in view! 2 bats come into view.
The bat moves out of view.
You see here a ball python corpse.
The bat misses you.
A bat comes into view.
The bat moves out of view.
The bat misses you.
You hit the bat.
You kill the bat!
No target in view!
Are you sure you want to abandon this character and quit the game? (Confirm with "yes".)

#<......> #.b.o....
#o.#..... #o....... ##
..... ... .## ......
.. ..##
#############.#.### b
...###.........†.#.###
_...##.########.@..#
.....).# #..###
..####<# #†.# .## #.#
#?.# ## #.# #..# #.#
#..# ... .... ..#
##### ###


There were no monsters in sight!

Vanquished Creatures
  An adder (D:3)
  2 dart slugs (D:1)
  2 orcs
  8 bats
  7 endoplasms
  2 giant cockroaches
  5 goblins
  3 hobgoblins
  10 quokkas
  10 ball pythons
  2 frilled lizards (D:1)
  9 kobolds
  4 rats
65 creatures vanquished.

Notes
Turn   | Place    | Note
-------+----------+-------------------------------------------
     0 | D:1      | BarneyGumball the Demonspawn Ice Elementalist began the
                  | quest for the Orb.
     0 | D:1      | Reached XP level 1. HP: 13/13 MP: 3/3
   334 | D:1      | Reached skill level 4 in Ice Magic
   403 | D:1      | Gained mutation: Your touch may inflict minor irresistible
                  | damage on your foes. [demonic ancestry]
   403 | D:1      | Reached XP level 2. HP: 19/19 MP: 5/5
   685 | D:1      | Gained mutation: You may rarely emit foul miasma when
                  | damaged in melee. [demonic ancestry]
   685 | D:1      | Reached XP level 3. HP: 12/24 MP: 2/6
   753 | D:1      | Learned a level 3 spell: Frozen Ramparts
  2088 | D:3      | Found a shadowy altar of Dithmenos.
  2168 | D:3      | Reached skill level 5 in Ice Magic
  2168 | D:3      | Gained mutation: You sometimes gain a little power by
                  | taking damage. [demonic ancestry]
  2168 | D:3      | Reached XP level 4. HP: 30/30 MP: 4/7
  2528 | D:3      | Learned a level 3 spell: Ozocubu's Armour
  2952 | D:4      | Found a bloodstained altar of Trog.
  3027 | D:4      | Quit the game

Illustrated notes

Levels and vault maps discovered:
D:1:      lightli_arrival_boilingwater, layout_basic
D:2:      layout_basic
D:3:      layout_basic, mainiacjoe_overflow_alcove_4
D:4:      cheibrodos_barr_body, layout_loops_ring, lemuel_round_altar,
          trog_butcher_becter, dk_yredelemnul_ordeal, minmay_temple_entry_glass,
          roderic_batcave, minmay_bisected, uniq_sigmund

Skill      XL: |  1  2  3 |
---------------+----------+-----
Ice Magic      | 4 5 |  5.2
Stealth        | 2 |  2.0
Dodging        | |  1.7
Spellcasting   | |  2.0

Action                     |  1- 3 |  4- 6 || total
---------------------------+-------+-------++-------
  Melee: Dagger            |    72 |    27 ||    99
         Unarmed           |     1 |       ||     1
         Touch             |    10 |     4 ||    14
   Cast: Freeze            |    33 |       ||    33
   Stab: Sleeping          |     9 |     2 ||    11
 Armour: Robe              |    44 |    12 ||    56
  Dodge: Dodged            |    50 |    16 ||    66

Table legend: (Time is in decaauts)
 A = Elapsed time spent in this place.
 B = Non-inter-level travel time spent in this place.
 C = Inter-level travel time spent in this place.
 D = Time resting spent in this place.
 E = Time spent auto-exploring this place.
 F = Levels seen in this place.
 G = Mean time per level.
                   A        B        C        D        E       F      G
               +--------+--------+--------+--------+--------+-----+--------+
         Total |   3030 |   2880 |    150 |     74 |   2269 |   4 |  757.5 |
       Dungeon |   3030 |   2880 |    150 |     74 |   2269 |   4 |  757.5 |
               +--------+--------+--------+--------+--------+-----+--------+

Top non-repeatable levels by time:
     D:1: 1177 daAuts
     D:3: 1002 daAuts
     D:2: 769 daAuts
     D:4: 80 daAuts
